 Dungeon Crawl Stone Soup version 0.20.1-1-g8b1a95d (webtiles) character file.

111 Gerstahl the Slasher (level 4, 0/43 HPs)
             Began as a Naga Skald on Nov 29, 2017.
             Slain by a jackal (2 damage)
             ... on level 3 of the Dungeon.
             The game lasted 00:07:20 (1802 turns).

Gerstahl the Slasher (Naga Skald)                   Turns: 1802, Time: 00:07:21

Health: 0/43       AC:  5    Str: 14    XL:     4   Next: 92%
Magic:  7/7        EV:  9    Int: 13    God:
Gold:   68         SH:  0    Dex: 11    Spells: 6/7 levels left

rFire    . . .     SeeInvis +   a - +0 falchion
rCold    . . .     Gourm    .   (no shield)
rNeg     . . .     Faith    .   b - +0 leather armour
rPois    +         Spirit   .   l - +2 helmet
rElec    .         Reflect  .   (no cloak)
rCorr    .         Harm     .   (no gloves)
MR       .....                  (no barding)
Stlth    +.........             (no amulet)
Regen    0.2/turn               (no ring)
MPRegen  0.1/turn               (no ring)

@: very slow
A: see invisible, deformed body, poison resistance, slowness 2, slow metabolism
1, spit poison 1, AC +1
a: Spit Poison


You were on level 3 of the Dungeon.
You were not hungry.

You visited 1 branch of the dungeon, and saw 3 of its levels.

You collected 68 gold pieces.

Inventory:

Hand Weapons
 a - a +0 falchion (weapon)
Armour
 b - a +0 leather armour (worn)
 l - a +2 helmet (worn)
Jewellery
 g - a cursed ring of teleportation {unknown}
Scrolls
 h - 4 scrolls of teleportation {unknown}
 j - 3 scrolls of enchant weapon {unknown}
 k - a scroll of identify {unknown}
 o - a scroll of fog {unknown}
 q - a scroll of amnesia {unknown}
Potions
 e - a potion of might {unknown}
 f - a potion of degeneration {unknown}
 m - a potion of agility {unknown}
 p - a potion of curing {unknown}
Books
 c - a book of Battle

   Spells                             Type                      Level
   a - Infusion                       Charms                       1
   b - Shroud of Golubria             Charms/Translocation         2
   c - Song of Slaying                Charms                       2
   d - Spectral Weapon                Hexes/Charms                 3
   e - Regeneration                   Charms/Necromancy            3
Comestibles
 d - a bread ration
 i - 6 fruits
 n - a royal jelly
 r - a chunk of flesh


   Skills:
 + Level 3.6 Fighting
 + Level 3.7 Long Blades
 - Level 0.7 Armour
 - Level 1.5 Dodging
 - Level 2.0 Spellcasting
 - Level 3.0 Charms


You had 6 spell levels left.
You knew the following spells:

 Your Spells              Type           Power        Failure   Level  Hunger
a - Infusion              Chrm           #...         10%         1    ##.....


Dungeon Overview and Level Annotations

Branches:
Dungeon (3/15)

Altars:
Ashenzari

Annotations:
D:3 Robin


Innate Abilities, Weirdness & Mutations

You cannot wear boots.
Your serpentine skin is tough. (AC +1)
You have supernaturally acute eyesight. (SInv)
Armour fits poorly on your strangely shaped body.
Your system is resistant to poisons. (rPois)
You cover ground very slowly.
You have a slow metabolism.
You can spit poison.


Message History

Found 12 gold pieces.
Robin says, "Bow before me, strongest of all the hobgoblins!"
Robin throws the goblin at you! The goblin barely misses you.
The jackal closely misses you. The goblin barely misses you.
The goblin no longer looks unusually strong.
The goblin barely misses you.
You riposte.
You hit the goblin.
You kill the goblin!
The goblin hits you but does no damage. The jackal bites you.
* * * LOW HITPOINT WARNING * * *
The goblin hits you but does no damage.
You hear the slow rusting of a distant drain.
The goblin no longer looks unusually strong.
The goblin shoots a stone.
The stone hits you.
* * * LOW HITPOINT WARNING * * *
The goblin closely misses you. The jackal closely misses you.
The goblin hits you.
* * * LOW HITPOINT WARNING * * *
You see here a stone.
The jackal bites you.
You die...

#?........##.#######...†...
#..........................
#..........................
#..............#.....g..g..
#..............g..#####....
#..............g...........
#...........g.....####.....
###.#.....g.g...###...#...
#.....<@hg........###...
##......g....#...## ...
##.##.#.....###.# ...
#.#>.#...### ..?# ..# #
#.#....# # .# ........# #
...$.###... #....## ##.


You could see Robin, a jackal and 6 goblins.

Vanquished Creatures
  3 adders
  3 worms
  3 dart slugs (D:1)
  A leopard gecko (D:1)
  A ball python (D:3)
  5 bats
  4 giant cockroaches (D:1)
  11 goblins
  6 hobgoblins
  5 jackals
  7 kobolds
  2 quokkas (D:2)
  3 frilled lizards
  7 rats
61 creatures vanquished.

Notes
Turn   | Place    | Note
-------+----------+-------------------------------------------
     0 | D:1      | Gerstahl the Naga Skald began the quest for the Orb.
     0 | D:1      | Reached XP level 1. HP: 19/19 MP: 3/3
    91 | D:1      | Reached XP level 2. HP: 12/27 MP: 3/5
   537 | D:1      | Reached XP level 3. HP: 32/33 MP: 6/6
  1025 | D:2      | Reached XP level 4. HP: 30/42 MP: 7/7
  1132 | D:2      | Found a shattered altar of Ashenzari.
  1769 | D:3      | Noticed Robin
  1801 | D:3      | HP: 2/43 [goblin[Robin] (2)]
  1802 | D:3      | Slain by a jackal

Skill      XL: |  1  2  3 |
---------------+----------+-----
Long Blades    | 3 |  3.7
Fighting       | 3 |  3.6
Armour         | |  0.7
Dodging        | |  1.5
Spellcasting   | |  2.0
Charms         | |  3.0

Action                   |  1- 3 |  4- 6 || total
-------------------------+-------+-------++-------
Melee: Falchion          |    68 |    63 ||   131
 Cast: Infusion          |     3 |     4 ||     7
 Abil: Spit Poison       |    15 |     7 ||    22
  Eat: Chunk             |       |     4 ||     4
Armor: Leather armour    |    19 |    53 ||    72
Dodge: Dodged            |    31 |    61 ||    92
       Rpst.: Falchion   |    11 |    21 ||    32
